Map: Prion Terraces

Players

Recognized - Winner!

  • Race: Zerg Zerg
  • League: Grandmaster

MorN

  • Race: Terran Terran
  • League: Master

VOD

Have the link to the VOD?

Description

the first set of proof that he is hacking is from 6:00-6:50, he sets up his defense, even changing the direction of the overseer, when he had not even seen my cloak banshee start. He also moves 4 roaches to his main to defend a drop that he had not seen anywhere on the map.

Time

  • Played on: Dec. 19, 2015, 1:21 a.m.
  • Length: 13:53
Show
View Real Time Build Order
Export as new Build Order

Recognized Zerg - Winner!

Build Orders: Pool First 

Get SALT Encoding   

  12  0:01  Drone  
  13  0:08  Drone  
  13  0:14  Extractor  
  13  0:15  Drone  
  14  0:23  Overlord  
  14  0:32  Drone, Extractor  
  15  0:41  Drone  
  16  0:44  Drone  
  17  0:56  Spawning Pool  
  16  1:02  Drone  
  17  1:06  Drone  
  18  1:16  Drone  
  19  1:27  Drone  
  20  1:38  Drone  
  21  1:43  Roach Warren, Queen  
  22  2:00  Hatchery  
  21  2:03  Overlord  
  21  2:12  Overlord  
  23  2:23  Roach x2  
  25  2:32  Roach  
  27  2:42  Queen  
  29  2:46  Drone  
  29  2:49  Ravager x2  
  32  2:53  Ravager  
  33  3:11  Hatchery  
  32  3:18  Drone  
  32  3:19  Drone x2  
  35  3:33  Roach  
  35  3:34  Roach  
  39  3:57  Drone  
  39  3:58  Drone x4  
  44  4:24  Drone x4  
  36  4:30  Roach x2  
  43  4:37  Lair  
  43  4:51  Hatchery, Zergling x4  
  44  5:01  Extractor x2  
  44  5:04  Drone x2  
  44  5:05  Overlord x2  
  44  5:13  Evolution Chamber, Drone  
  44  5:14  Evolution Chamber, Drone  
  44  5:24  Drone  
  44  5:25  Drone x5  
  49  5:44  Overseer  
  49  5:47  Drone x2, Hydralisk Den  
  49  5:48  Drone  
  49  5:49  Drone x3  
  54  5:50  Zerg Missile Weapons Level 1  
  53  6:03  Queen  
  55  6:07  Drone  
  55  6:08  Drone x7  
  55  6:11  Drone  
  64  6:12  Extractor  
  64  6:13  Drone x2  
  64  6:15  Drone  
  64  6:16  Glial Reconstitution  
  66  6:26  Overlord  
  66  6:27  Overlord x3  
  65  6:40  Drone  
  65  6:44  Drone  
  65  6:48  Hydralisk  
  65  6:49  Hydralisk x6  
  78  7:04  Drone  
  78  7:05  Drone  
  78  7:06  Hydralisk  
  78  7:07  Hydralisk x3  
  85  7:15  Overseer  
  82  7:33  Overlord  
  82  7:34  Overlord x2  
  81  7:40  Roach x4  
  81  7:41  Roach x4  
  92  7:45  Zerg Ground Armor Level 1  
  88  7:54  Drone x7  
  95  8:02  Drone x3  
  98  8:07  Metabolic Boost  
  98  8:14  Hatchery  
  98  8:17  Roach  
  98  8:18  Roach x6  
  111  8:34  Roach x5  
  113  8:35  Extractor  
  113  8:36  Overlord x4  
  113  8:39  Extractor  
  119  8:41  Zerg Missile Weapons Level 2  
  99  9:05  Roach  
  99  9:06  Roach x9  
  119  9:23  Hydralisk x3  
  119  9:24  Hydralisk  
  89  9:35  Roach x5  
  91  9:41  Queen  
  91  9:42  Drone  
  91  9:43  Drone x7  
  101  9:46  Lurker Den  
  101  9:55  Drone x8  
  109  10:01  Zerg Ground Armor Level 2  
  109  10:04  Drone  
  109  10:05  Drone x4  
  114  10:13  Hydralisk x3  
  120  10:16  Hydralisk  
  120  10:20  Hydralisk  
  120  10:21  Hydralisk  
  124  10:34  Hydralisk  
  124  10:35  Hydralisk x4  
  116  10:43  Hydralisk x3  
  116  10:47  Drone x10  
  132  10:50  Extractor  
  132  10:51  Extractor  
  132  10:53  Roach  
  132  10:54  Roach x3  
  132  10:55  Roach  
  140  10:57  Roach  
  142  11:12  Roach  
  142  11:13  Roach x8  
  142  11:16  Overlord x3  
  144  11:28  Roach x9  
  126  11:40  Hydralisk  
  126  11:41  Hydralisk x7  
  140  11:52  Roach  
  140  11:53  Roach x5  
  140  12:03  Hydralisk  
  140  12:04  Hydralisk x6  
  152  12:13  Hydralisk  
  152  12:14  Hydralisk x4  
  154  12:22  Hydralisk  
  150  12:23  Hydralisk x3  
  150  12:27  Zergling x14  
  153  12:54  Infestation Pit  
  153  12:55  Hatchery  
  153  12:56  Extractor  
  153  12:57  Extractor  
  149  13:02  Roach  
  149  13:03  Roach x8  
  167  13:10  Overlord  
  167  13:11  Overlord x6  
  167  13:12  Overlord  
Show
View Real Time Build Order
Export as new Build Order

MorN Terran 

Build Orders: Reaper Expand, MMM Bio 

Get SALT Encoding   

  12  0:00  SCV  
  13  0:13  SCV  
  14  0:17  Supply Depot  
  14  0:25  SCV  
  15  0:39  SCV  
  15  0:40  Barracks  
  16  0:44  Refinery  
  16  0:51  SCV  
  17  1:03  SCV  
  18  1:15  SCV  
  19  1:29  Reaper, Orbital Command  
  20  1:40  Command Center  
  20  1:51  Supply Depot  
  20  1:56  SCV  
  20  2:01  Reaper  
  22  2:08  Bunker  
  22  2:12  SCV  
  23  2:24  SCV  
  23  2:27  Factory  
  24  2:30  Refinery  
  24  2:37  SCV  
  25  2:43  Barracks Reactor  
  25  2:49  SCV  
  26  2:54  Orbital Command  
  26  3:01  SCV  
  27  3:13  SCV  
  27  3:19  Factory Tech Lab  
  28  3:20  Marine x2  
  28  3:23  Starport  
  28  3:25  SCV  
  31  3:30  SCV  
  32  3:38  Siege Tank, Marine  
  32  3:39  Marine  
  34  3:59  Marine  
  34  4:00  Marine  
  34  4:01  Medivac  
  34  4:07  Orbital Command  
  34  4:09  SCV  
  32  4:17  Marine x2  
  32  4:21  Command Center, SCV  
  31  4:34  SCV x2  
  31  4:35  Marine  
  34  4:46  SCV  
  34  4:48  SCV  
  34  4:49  Factory Tech Lab  
  34  4:51  Cloaking Field  
  36  4:58  SCV, Bunker, Supply Depot  
  36  4:59  Marine  
  38  5:05  Supply Depot  
  38  5:19  Banshee  
  38  5:20  SCV x2, Siege Tank  
  46  5:24  Supply Depot  
  46  5:26  Marine x2  
  48  5:32  SCV x2  
  50  5:44  SCV x2, Marine  
  50  5:45  Supply Depot, Marine  
  50  5:46  Orbital Command  
  54  6:04  Banshee  
  54  6:08  Factory Reactor  
  54  6:11  Barracks  
  57  6:12  Barracks  
  57  6:19  Stimpack  
  57  6:21  SCV  
  57  6:23  Supply Depot, SCV  
  59  6:28  SCV  
  60  6:36  Marine  
  61  6:54  Marine  
  60  6:58  Starport Reactor  
  56  7:02  Marine x2  
  58  7:11  Marine x3  
  61  7:20  Siege Tank, Marine x2  
  63  7:29  Marine x3  
  67  7:30  SCV x2  
  67  7:32  Refinery x2  
  67  7:34  Engineering Bay x2  
  67  7:36  Medivac x2  
  72  7:37  Barracks  
  72  7:38  Barracks, Marine x2  
  74  7:47  Marine x3  
  77  7:53  Siege Tank  
  77  7:55  SCV, Marine  
  77  7:56  Marine  
  77  7:57  SCV  
  81  8:01  Supply Depot x2  
  81  8:05  Marauder, Marine x2  
  85  8:06  Medivac  
  87  8:13  Terran Infantry Weapons Level 1  
  87  8:15  Terran Infantry Armor Level 1  
  87  8:26  Orbital Command  
  87  8:28  Marine  
  87  8:29  Marine x3  
  87  8:30  Barracks Tech Lab x2  
  87  8:33  Supply Depot  
  91  8:40  Supply Depot, Combat Shields  
  91  8:41  Marine  
  91  8:46  Marine x2  
  91  8:47  Marine x2  
  87  8:59  Marine  
  87  9:00  Marine  
  87  9:01  Marine  
  74  9:09  Marine x2  
  76  9:14  Marine x2  
  78  9:17  Marauder  
  78  9:18  Supply Depot, Marine  
  78  9:19  Marauder  
  78  9:21  Orbital Command  
  76  9:28  Marine x2  
  70  9:32  Marine  
  70  9:35  SCV x2  
  72  9:40  Marine x4  
  72  9:44  Medivac x2  
  80  9:46  Barracks, Marine x2  
  80  9:47  SCV x2, Barracks  
  80  9:48  SCV, Barracks  
  85  9:53  Marine  
  85  9:58  Marauder, Marine x2  
  85  9:59  SCV, Bunker, Marauder  
  93  10:02  Concussive Shells  
  93  10:04  Marine x2  
  93  10:05  Supply Depot  
  95  10:08  Armory  
  95  10:11  Marine  
  96  10:16  Marauder, Marine  
  96  10:19  Marine x2  
  96  10:21  Medivac x2  
  105  10:22  SCV, Siege Tank, Marine x2  
  105  10:26  Supply Depot  
  109  10:29  Marine  
  109  10:33  Marine  
  93  10:37  Marine  
  93  10:38  Marauder x2  
  93  10:40  Marine x2  
  93  10:42  Marine x3  
  99  10:47  Marine  
  101  10:51  Marine  
  101  10:54  Siege Tank  
  101  10:56  SCV x2, Marauder  
  110  10:57  SCV, Marine x2  
  110  10:59  Marauder x2  
  110  11:00  Marine x3  
  110  11:03  Terran Infantry Armor Level 2  
  119  11:04  Marine  
  119  11:06  Terran Infantry Weapons Level 2  
  119  11:08  SCV x2  
  119  11:09  SCV, Marine  
  123  11:15  Marine x2  
  123  11:17  Marauder  
  123  11:18  Marine x2  
  129  11:19  Marine  
  129  11:20  Marauder, Marine  
  123  11:32  Marine x2  
  107  11:33  Marine x2  
  107  11:37  Marine x2  
  107  11:38  Marauder x2  
  107  11:42  Marine, Marauder  
  110  11:49  Terran Vehicle Weapons Level 1  
  110  11:50  Marine x2  
  110  11:51  Marine x2  
  107  12:00  Barracks Reactor, Barracks Tech Lab, Marine, Marauder x2  
  100  12:01  SCV  
  100  12:03  Marauder  
  100  12:07  Marine x2  
  103  12:09  Marine x2  
  97  12:17  Marine  
  97  12:20  Marine  
  97  12:21  SCV x2, Marauder x2  
  105  12:25  Marine x2, Marauder  
  99  12:31  Marine  
  99  12:33  Siege Tank  
  99  12:34  Marine  
  99  12:35  Marine  
  101  12:38  Marauder  
  101  12:42  Marauder, Marine  
  101  12:43  Marine x2  
  101  12:44  Marine x2  
  106  12:46  Marauder  
  106  12:49  Marine  
  110  12:52  Marine  
  110  12:53  Marine  
  110  12:55  Orbital Command  
  112  12:59  Missile Turret, Marine  
  112  13:00  Marine  
  112  13:01  Marine x3  
  112  13:05  Siege Tank  
  120  13:08  Marine x3  
  120  13:09  Marauder  
  125  13:14  Marine x2  
  125  13:17  Marine  
  125  13:18  Marauder  
  125  13:19  Marine  
  95  13:34  Marine x2  
Tags
 
Add a new tag
Caveats
  • Supply blocks, unpowered buildings, or Contaminate may cause inaccurate times.
  • Supply counts are checked every 10 seconds.